 Dungeon Crawl Stone Soup version 0.28.0-53-g5a82cb258f (webtiles) character file.

Game seed: 15160290862295245052

262 KrombopulosMichael the Chucker (level 6, -2/47 HPs)
             Began as a Formicid Hunter on May 2, 2022.
             Was an Initiate of Ashenzari.
             Slain by a river rat (8 damage)
             ... summoned by Eustachio
             ... on level 4 of the Dungeon on June 1, 2022.
             The game lasted 00:12:35 (3676 turns).

KrombopulosMichael the Chucker (Formicid Hunter)    Turns: 3676, Time: 00:12:36

Health: -2/47      AC:  4    Str: 16    XL:     6   Next: 42%
Magic:  6/6        EV: 11    Int: 17    God:    Ashenzari [......]
Gold:   187        SH:  0    Dex: 13    Spells: 5/5 levels left

rFire   . . .      SeeInvis +   g - +1 dagger (venom)
rCold   . . .      Faith    .   (no shield)
rNeg    . . .      Spirit   .   h - +5 ring mail {Will+}
rPois   .          Reflect  .   (helmet unavailable)
rElec   .          Harm     .   (no cloak)
rCorr   .          Rampage  .   (no gloves)
Will    +....      Clarity  +   (no boots)
Stlth   +.........              (no amulet)
HPRegen 0.15/turn               o - +6 ring of intelligence
MPRegen 0.10/turn               (no ring)

@: corroded
A: permanent stasis, dig shafts and tunnels, antennae 3, four strong arms,
talons 1, clarity, deformed body
a: Dig, Shaft Self, Renounce Religion


You were on level 4 of the Dungeon.
You worshipped Ashenzari.
Ashenzari was noncommittal.
You visited 2 branches of the dungeon, and saw 5 of its levels.

You collected 187 gold pieces.

Inventory:

Hand Weapons
 a - a +0 short sword
 g - a +1 dagger of venom (weapon)
Armour
 h - a +5 ring mail of willpower (worn)
Jewellery
 o - a +6 ring of intelligence (left hand)
Scrolls
 i - 3 scrolls of amnesia
 k - a scroll of fear {unknown}
 m - a scroll of noise {unknown}


   Skills:
 + Level 3.0 Fighting
 + Level 5.1 Throwing
 + Level 4.0 Armour
 + Level 2.6 Dodging
 + Level 2.0 Stealth


You had 5 spell levels left.
You didn't know any spells.
Your spell library contained the following spells:

 Spells                   Type           Power      Damage    Failure   Level
 Ozocubu's Armour         Ice            0%         N/A       77%         3
 Ozocubu's Refrigeration  Ice            0%         4d5       100%        7


Dungeon Overview and Level Annotations

Branches:
Dungeon (4/15)             Temple (1/1) D:4

Altars:
Ashenzari
Cheibriados
Dithmenos
Elyvilon
Fedhas
Gozag
Hepliaklqana
Makhleb
Nemelex Xobeh
Okawaru
Qazlal
Ru
Uskayaw
Vehumet
Wu Jian
Xom
The Shining One

Annotations:
D:4 Eustachio, Ijyb


Innate Abilities, Weirdness & Mutations

You cannot be hasted, slowed, berserked, paralysed or teleported.
You can dig through walls and to a lower floor.
You have a pair of large antennae on your head. (SInv)
Your four strong arms can wield two-handed weapons with a shield.
You have sharp toenails.
You possess an exceptional clarity of mind.
Armour fits poorly on your strangely shaped body.


Message History

Unknown command.
Throw: 2 throwing nets
Press: ? - help, Q - select action, (/) - cycle Shift-Dir - straight line, f - Ijyb
Aim: Ijyb, wielding a +0 dagger and wearing a +0 chain mail (heavily wounded, 60% to hit)
You throw a throwing net. The throwing net hits Ijyb.
Ijyb is caught in the net!
Ijyb is heavily wounded.
Ijyb struggles against the net.
Unknown command.
Throw: throwing net
Press: ? - help, Q - select action, (/) - cycle Shift-Dir - straight line, f/p - Ijyb
Aim: Ijyb, wielding a +0 dagger and wearing a +0 chain mail (heavily wounded, entangled in a net, 90% to hit)
You throw a throwing net. The throwing net hits Ijyb.
Ijyb is heavily wounded.
Ijyb struggles against the net.
Unknown command.
You aren't carrying any items that you can evoke.
As you read the scroll labelled VUBBICL AW ISI, it crumbles to dust.
It is a scroll of enchant armour.
Your +4 ring mail of willpower glows green for a moment.
Ijyb struggles against the net.
You are too injured to fight recklessly!
You hit the river rat but do no damage.
The river rat is poisoned.
Ijyb struggles against the net.
The river rat barely misses you.
You hit the river rat but do no damage. Your kick misses the river rat.
The river rat barely misses you.
Ijyb screams, "You nasty!
Big nasty!"
Ijyb struggles against the net.
The net rips apart, and Ijyb comes free!
You closely miss the river rat.
The river rat is moderately wounded.
Eustachio mumbles some strange words.
Eustachio blinks!
The river rat bites you.
* * * LOW HITPOINT WARNING * * *
You closely miss the river rat.
You claw the river rat, but do no damage.
The river rat is heavily wounded.
Eustachio mumbles some strange words.
Eustachio blinks!
The river rat bites you!
You die...

##.... #..#.. ###..#.#
###...#### #.....# #
##....#### ####
###........≈ ####..##
#.........≈≈ #.#..@.#
###......≈≈§ ##...r###
#......≈§≈ ##.....#
####...§≈≈ #..§..g#
#......≈§ #.....(#
##...#..§
#......###########.....#
#..........#.##.##.....##
#...(.>...........#......
.........##.......#.##...


You could see Ijyb and a river rat (summoned, poisoned).

Vanquished Creatures
  A phantom (D:4)
  2 hounds (D:4)
  A bullfrog skeleton (D:4)
  3 adders
  An ufetubus (D:4)
  3 dart slugs
  3 orcs (D:3)
  3 endoplasms
  2 giant cockroaches (D:1)
  9 hobgoblins
  8 kobolds
  2 quokkas
  3 ball pythons
  6 bats
  5 frilled lizards
  4 goblins
  5 rats
61 creatures vanquished.

Vanquished Creatures (others)
  A plant (D:3)
1 creature vanquished.

Grand Total: 62 creatures vanquished

Notes
Turn   | Place    | Note
-------+----------+-------------------------------------------
     0 | D:1      | KrombopulosMichael the Formicid Hunter began the quest for
                  | the Orb.
     0 | D:1      | Reached XP level 1. HP: 16/16 MP: 1/1
   484 | D:1      | Reached XP level 2. HP: 18/22 MP: 2/2
  1035 | D:1      | Reached XP level 3. HP: 25/27 MP: 3/3
  1517 | D:2      | Reached skill level 1 in Armour
  1523 | D:2      | Found a hazy altar of Hepliaklqana.
  2043 | D:3      | Reached XP level 4. HP: 33/33 MP: 4/4
  2237 | D:3      | Reached skill level 5 in Throwing
  2883 | D:3      | Found a faded altar of an unknown god.
  2999 | D:4      | Reached XP level 5. HP: 34/39 MP: 5/5
  3041 | D:4      | Found a staircase to the Ecumenical Temple.
  3051 | Temple   | Entered the Ecumenical Temple
  3180 | Temple   | Upgraded the game from 0.28.0-47-ge53b351184 to
                  | 0.28.0-49-g6dfe1f597d
  3180 | Temple   | Upgraded the game from 0.28.0-49-g6dfe1f597d to
                  | 0.28.0-53-g5a82cb258f
  3224 | Temple   | Became a worshipper of Ashenzari the Shackled
  3331 | D:4      | Noticed a phantom
  3356 | D:4      | Killed a phantom
  3357 | D:4      | Reached XP level 6. HP: 30/46 MP: 6/6
  3645 | D:4      | Noticed Ijyb
  3650 | D:4      | Noticed Eustachio
  3659 | D:4      | Gained mutation: You have sharp toenails. [potion of
                  | mutation]
  3659 | D:4      | Gained mutation: You possess an exceptional clarity of
                  | mind. [potion of mutation]
  3659 | D:4      | Gained mutation: Armour fits poorly on your strangely
                  | shaped body. [potion of mutation]
  3676 | D:4      | Slain by a river rat

Illustrated notes

Levels and vault maps discovered:
D:1:      evilmike_arrival_fibonacci_small, layout_basic
D:2:      layout_basic, basic_altar, corexii_leaking_fountain
D:3:      layout_loops_cross, hellmonk_ecumenical_altar_heavens_door,
          corexii_shack, grunt_decor_clamped
D:4:      layout_cave_pools, jmf_multi_god_temple2, minmay_temple_entry_mist,
          uniq_duvessa, uniq_crazy_yiuf_cottage, uniq_eustachio, uniq_ijyb
Temple:   minmay_crystal_spiral_temple

Skill      XL: |  1  2  3  4  5  6 |
---------------+-------------------+-----
Armour         | 1 2 3 4 |  4.0
Dodging        | 2 |  2.6
Throwing       | 5 |  5.1
Stealth        | 2 |  2.0
Fighting       | 3 |  3.0

Action                   |  1- 3 |  4- 6 || total
-------------------------+-------+-------++-------
Melee: Short sword       |    10 |       ||    10
       Dagger            |    85 |   119 ||   204
       Punch             |     1 |       ||     1
       Kick              |       |     1 ||     1
Throw: Javelin           |     5 |    13 ||    18
       Throwing net      |       |     2 ||     2
  Use: Scroll            |     1 |     3 ||     4
       Potion            |       |     4 ||     4
Armor: Ring mail         |    26 |    59 ||    85
       Leather armour    |     1 |       ||     1
Dodge: Dodged            |    44 |    65 ||   109
